 Dungeon Crawl Stone Soup version 0.30-a0-373-gd37427bb62 (console) character file.

Game seed: 3021448970355978763

1481 petzl the Sneak (level 9, -7/62 (69) HPs)
             Began as a Formicid Delver on Nov 23, 2022.
             Was an Initiate of Vehumet.
             Shot with an arrow by Nessos (14 damage)
             ... on level 13 of the Dungeon.
             The game lasted 00:31:56 (8117 turns).

petzl the Sneak (Formicid Delver)                   Turns: 8117, Time: 00:31:57

HP:   -7/62 (69)    AC:  5    Str: 17    XL:     9   Next: 7%
MP:   16/16         EV: 13    Int: 14    God:    Vehumet [......]
Gold: 176           SH:  0    Dex: 19    Spells: 4/17 levels left

rFire   . . .      SeeInvis +    b - +1 sling (vorpal)
rCold   . . .      Faith    .    (no shield)
rNeg    + . .      Spirit   .    z - +1 leather armour of Beogh's Approval {Dex+4}
rPois   .          Reflect  .    (helmet unavailable)
rElec   .          Harm     .    y - +0 cloak
rCorr   .          Rampage  .    (no gloves)
Will    .....                    (no boots)
Stlth   ++++......               (no amulet)
HPRegen 0.30/turn                s - ring of positive energy
MPRegen 0.15/turn                (no ring)

@: lethally poisoned (-7 -> -11), studying Fighting, heavily drained
A: permanent stasis, dig shafts and tunnels, antennae 3, four strong arms
a: Dig, Shaft Self, Renounce Religion


You were on level 13 of the Dungeon.
You worshipped Vehumet.
Vehumet was noncommittal.
You visited 1 branch of the dungeon, and saw 14 of its levels.

You collected 344 gold pieces.
You spent 168 gold pieces at shops.

Inventory:

Hand Weapons
 a - a +0 falchion of venom
 b - a +1 vorpal sling (weapon)
 c - the +7 hand axe "Raque" {antimagic, rF+ rC+ Dex+2, !f =f}
   (You found it on level 2 of the Dungeon)

   It reduces the magical energy of the wielder, and disrupts the spells and
   magical abilities of those it strikes.
   Natural abilities and divine invocations are not affected.
   Dex:       It affects your dexterity (+2).
   rF:        It protects you from fire.
   rC:        It protects you from cold.
Missiles
 h - 2 boomerangs
 q - 6 silver javelins
 B - 2 throwing nets
 L - 5 poisoned darts
Armour
 y - a +0 cloak (worn)
 z - the +1 leather armour of Beogh's Approval (worn) {Dex+4}
   (You bought it in a shop on level 4 of the Dungeon)

   Dex:       It affects your dexterity (+4).
 D - a +0 kite shield
Jewellery
 s - a ring of positive energy (left hand)
 C - a ring of fire
Wands
 f - a wand of digging (9)
 r - a wand of flame (29)
 v - a wand of polymorph (4)
Scrolls
 d - a scroll of magic mapping
 e - 4 scrolls of fear
 i - a scroll of poison {unknown}
 j - 3 scrolls of teleportation {unknown}
 m - 3 scrolls of enchant weapon
 p - 3 scrolls of vulnerability
 t - a scroll of enchant armour
 u - a scroll of fog
 A - a scroll of silence
 G - a scroll of immolation
 H - 2 scrolls of butterflies
 I - a scroll of torment
 K - a scroll of acquirement
Potions
 g - 3 potions of lignification {unknown}
 k - 2 potions of heal wounds {unknown}
 l - 4 potions of curing {unknown}
 o - a potion of mutation {unknown}
 w - a potion of degeneration {unknown}
 x - 2 potions of flight {unknown}
 E - a potion of attraction {unknown}
 F - a potion of brilliance {unknown}
 J - a potion of magic {unknown}
 M - a potion of ambrosia {unknown}


   Skills:
 - Level 5.8 Fighting
 - Level 2.4 Maces & Flails
 - Level 2.5 Ranged Weapons
 - Level 3.1 Armour
 - Level 3.7 Dodging
 - Level 7.7 Stealth
 + Level 4.8 Spellcasting
 * Level 2.2 Conjurations
 + Level 0.0 Hexes
 * Level 1.2 Air Magic
 - Level 3.0 Earth Magic
 + Level 2.2 Poison Magic


You had 4 spell levels left.
You knew the following spells:

 Your Spells              Type           Power      Damage    Failure   Level
a - Poisonous Vapours     Pois/Air       16%        N/A       16%         2
b - Stone Arrow           Conj/Erth      20%        3d8       22%         3
c - Slow                  Hex            12%        N/A       22%         1
m - Mephitic Cloud        Conj/Pois/Air  8%         N/A       28%         3
T - Olgreb's Toxic Radia  Pois           9%         N/A       65%         4

Your spell library contained the following spells:

 Spells                   Type           Power      Damage    Failure   Level
 Sandblast                Erth           22%        2d7       6%          1
 Magic Dart               Conj           36%        1d4       9%          1
 Searing Ray              Conj           18%        2d5       13%         2
 Sting                    Tmut/Pois      24%        1d4       14%         1
 Passwall                 Tmut/Erth      5%         N/A       17%         2
 Freeze                   Ice            12%        1d3       22%         1
 Necrotise                Necr           12%        1d4       22%         1
 Call Imp                 Summ           3%         N/A       32%         2
 Sublimation of Blood     Necr           3%         N/A       32%         2
 Wereblood                Tmut           3%         N/A       32%         2
 Hailstorm                Conj/Ice       6%         3d4       38%         3
 Call Canine Familiar     Summ           3%         N/A       54%         3
 Confusing Touch          Hex            3%         N/A       54%         3
 Frozen Ramparts          Ice            6%         1d1       54%         3
 Portal Projectile        Hex/Tloc       6%         N/A       54%         3
 Vampiric Draining        Necr           3%         2d6       54%         3
 Leda's Liquefaction      Hex/Erth       3%         N/A       75%         4
 Fulminant Prism          Conj/Hex       3%         3d5       80%         4
 Agony                    Necr           3%         N/A       99%         5
 Summon Hydra             Summ           1%         N/A       100%        7


Dungeon Overview and Level Annotations

Branches:
Dungeon (15/15)            Temple (0/1) D:6
   Lair: D:8-11         Orc: D:9-12      Vaults: D:13-14     Depths: D:15

Altars:
Cheibriados
Dithmenos
Elyvilon
Fedhas
Hepliaklqana
Kikubaaqudgha
Makhleb
Ru
Vehumet

Shops:
D:4 [   D:6 =

Annotations:
D:2 exclusion: 2 downstairs
D:3 Crazy Yiuf
D:4 exclusion: downstairs
D:5 exclusions: downstairs and water moccasin
D:10 exclusion: 2 upstairs
D:11 exclusion: downstairs
D:12 exclusion: 2 sensed monsters (detected)
D:13 exclusions: downstairs, manticore, 3 sensed monsters (detected) and slime creature, Nessos
D:14 exclusion: downstairs
D:15 1 runed translucent door, Ceh Rif's ghost, adept HuWn


Innate Abilities, Weirdness & Mutations

You cannot be hasted, slowed, berserked, paralysed or teleported.
You can dig through walls and to a lower floor.
You have a pair of large antennae on your head. (SInv)
Your four strong arms can wield two-handed weapons with a shield.


Message History

You see here a scroll labelled LAEWOVVONI.
j - 3 scrolls labelled LAEWOVVONI (gained 1)
There is a stone staircase leading up here.
You climb upwards.
Level annotation: exclusions: 3 sensed monsters (detected) and slime creature
There is a stone staircase leading down here.
Press: ? - help, v - describe, . - travel A stone staircase leading down.
Placed new exclusion.
Reduced exclusion size to a single square.
Unknown command.
Unknown command.
Press: ? - help, v - describe, . - travel
Here: a manticore (asleep)
The floor.
Placed new exclusion.
Unknown command.
Really walk into a travel-excluded area?
You extend your mandibles.
You dig through the rock wall.
You feel drained.
You dig through the rock wall.
You feel drained.
You retract your mandibles.
Nessos, a human and a yaktaur come into view.
Nessos is wearing a +1 barding of stealth and carrying a wand of roots (7).
The human shouts!
Nessos shouts!
The yaktaur shouts!
The human shouts!
Nessos mumbles some strange words.
Nessos seems to speed up.
The yaktaur moves out of view.
You hear a shout! x2
There is an open door here.
Nessos wields a +3 longbow of flaming.
It bursts into flame!
Nessos shoots an arrow.
The arrow closely misses you.
Nessos shoots an arrow.
The arrow hits you!! The arrow burns you!
Nessos shoots an arrow.
The arrow hits you!!
* * * LOW HITPOINT WARNING * * *
The arrow burns you.
You are poisoned.
* * * LOW HITPOINT WARNING * * *
Are you sure you want to shaft yourself?
You feel sick.
Nessos shoots an arrow.
The arrow hits you!
You die...

.# #..{{{### ..
..p... # ....{...
..C... .p... .p.p
##p..... #......{ .
#...c..{{p. #.....
{.. ##....##..##
+..........#
#....p.p...#
#######'########
....................#
....H.......@.......#
....................#
....................#
....................#
....................#
....................#
##>....#.#######
#......## #.....##
#.....# #.....#
#######


You could see Nessos (fast) and a human.

Vanquished Creatures
  Sigmund (D:3)
  2 ice beasts
  A black bear (D:4)
  2 ogres (D:5)
  3 phantoms (D:4)
  A bullfrog (D:9)
  2 scorpions (D:4)
  2 jellies
  An orc priest (D:6)
  A hound (D:6)
  2 iguanas
  An orc wizard (D:6)
  Robin (D:4)
  9 gnolls
  5 adders
  2 white imps
  2 ufetubi
  5 worms
  4 dart slugs
  9 orcs
  2 endoplasms
  2 giant cockroaches
  15 goblins
  9 hobgoblins
  2 jackals (D:1)
  5 kobolds
  6 quokkas
  8 ball pythons
  A bat (D:3)
  3 frilled lizards
  A rat (D:2)
110 creatures vanquished.

Notes
Turn   | Place    | Note
-------+----------+-------------------------------------------
     0 | D:5      | petzl the Formicid Delver began the quest for the Orb.
     0 | D:5      | Reached XP level 1. HP: 18/18 MP: 1/1
    23 | D:6      | Noticed an orc priest
    38 | D:5      | Noticed a phantom
   162 | D:5      | Noticed an ogre
   179 | D:5      | Noticed an iguana
   210 | D:5      | Noticed a water moccasin
   224 | D:5      | Noticed an ice beast
   348 | D:2      | Reached XP level 2. HP: 22/22 MP: 2/2
   455 | D:1      | Reached XP level 3. HP: 25/29 MP: 3/3
   536 | D:1      | Found a faded altar of an unknown god.
  1353 | D:2      | Identified the +7 hand axe "Raque" {antimagic, rF+ rC+
                  | Dex+2}
  1406 | D:2      | Reached XP level 4. HP: 37/37 MP: 5/5
  1728 | D:2      | Reached skill level 1 in Spellcasting
  1814 | D:3      | Reached skill level 1 in Armour
  1934 | D:3      | Found a burning altar of Makhleb.
  1934 | D:3      | Found a radiant altar of Vehumet.
  1935 | D:3      | Found a shadowy altar of Dithmenos.
  1979 | D:3      | Noticed Robin
  2010 | D:4      | Reached XP level 5. HP: 17/42 MP: 2/7
  2121 | D:4      | Killed Robin
  2365 | D:3      | Noticed Sigmund
  2611 | D:3      | Killed Sigmund
  2612 | D:3      | Reached skill level 7 in Stealth
  2612 | D:3      | Reached XP level 6. HP: 36/48 MP: 7/10
  2706 | D:3      | Found a runed translucent door.
  2707 | D:3      | Noticed Crazy Yiuf
  2731 | D:3      | You fall into a shaft and drop 1 floor!
  2907 | D:4      | Reached XP level 7. HP: 55/55 MP: 4/11
  2917 | D:4      | Found Nyac's Antique Armour Shoppe.
  3003 | D:3      | Found a blossoming altar of Fedhas.
  3003 | D:3      | Found a sacrificial altar of Ru.
  3014 | D:3      | Became a worshipper of Vehumet
  3944 | D:4      | Found a white marble altar of Elyvilon.
  4103 | D:4      | Reached skill level 5 in Fighting
  4103 | D:4      | Reached XP level 8. HP: 43/62 MP: 5/14
  4170 | D:4      | Found a snail-covered altar of Cheibriados.
  4383 | D:4      | Found an ancient bone altar of Kikubaaqudgha.
  4421 | D:4      | Bought a pitted leather armour for 168 gold pieces
  4421 | D:4      | Identified the +1 leather armour of Beogh's Approval
                  | {Dex+4} (You bought it in a shop on level 4 of the Dungeon)
  4570 | D:5      | Learned a level 2 spell: Poisonous Vapours
  4574 | D:5      | Learned a level 3 spell: Stone Arrow
  4579 | D:5      | Learned a level 4 spell: Olgreb's Toxic Radiance
  4675 | D:5      | Reached skill level 1 in Earth Magic
  5105 | D:4      | Reached skill level 1 in Ranged Weapons
  5105 | D:4      | Reached skill level 1 in Conjurations
  5105 | D:4      | Reached skill level 1 in Poison Magic
  5476 | D:5      | Found a hazy altar of Hepliaklqana.
  6058 | D:6      | Reached skill level 1 in Air Magic
  6286 | D:6      | Reached XP level 9. HP: 54/69 MP: 16/16
  6492 | D:6      | Found a staircase to the Ecumenical Temple.
  6613 | D:6      | Found Migat's Jewellery Shop.
  6675 | D:7      | You fall into a shaft and drop 2 floors!
  6785 | D:9      | Noticed a hornet
  6799 | D:9      | You fall into a shaft and drop 2 floors!
  6943 | D:10     | Entered Level 10 of the Dungeon
  7007 | D:9      | Noticed a troll
  7032 | D:9      | Learned a level 3 spell: Mephitic Cloud
  7044 | D:9      | You fall into a shaft and drop 1 floor!
  7267 | D:9      | You fall into a shaft and drop 3 floors!
  7459 | D:11     | Noticed a two-headed ogre
  7470 | D:11     | You fall into a shaft and drop 2 floors!
  7655 | D:13     | Noticed a slime creature
  7886 | D:13     | Noticed a cyclops
  7887 | D:13     | Noticed a two-headed ogre
  7895 | D:13     | You fall into a shaft and drop 1 floor!
  7980 | D:14     | Identified a scroll of acquirement
  7999 | D:15     | Entered Level 15 of the Dungeon
  8035 | D:15     | Found a runed translucent door.
  8041 | D:15     | Learned a level 1 spell: Slow
  8041 | D:15     | Noticed Ceh Rif's ghost (adept HuWn)
  8049 | D:15     | Noticed a green ugly thing
  8051 | D:15     | Noticed a green ugly thing
  8051 | D:15     | Noticed a green ugly thing
  8088 | D:14     | Noticed a tengu warrior
  8097 | D:13     | Noticed a manticore
  8114 | D:13     | Noticed Nessos
  8114 | D:13     | Noticed a yaktaur
  8117 | D:13     | Shot with an arrow by Nessos

Illustrated notes

Levels and vault maps discovered:
D:1:      grunt_arrival_crossed_arrows, layout_loops_ring,
          shapermc_ecumenical_altar_hornbeckon, chequers_garden,
          nicolae_concentric_dashed_squares_mild, hex_tiny
D:2:      layout_rooms
D:3:      layout_rooms, nicolae_overflow_hidden_temple, corexii_corridor_pit,
          minmay_misc_feat_diagonals, uniq_crazy_yiuf_cottage, uniq_robin,
          uniq_sigmund
D:4:      layout_rooms, marbit_many_paths, overflow_temple_1_default,
          cheibrodos_worm_habitat, serial_shops, shop_statue
D:5:      wad_crossroads, layout_basic, kennysheep_little_box,
          minmay_manual_moon
D:6:      minmay_klotski, layout_basic, minmay_temple_entry_tees, serial_shops,
          shop, kennysheep_doodads
D:7:      layout_rooms, hellmonk_bongcloud_opening, uniq_maggie
D:9:      layout_gridville, mainiacjoe_overflow_concentric_impassable,
          nzn_ghost_randoct, minivault_21, hangedman_decor_peaks_small,
          minmay_fractal_squares_5
D:10:     layout_irregular_city, kennysheep_mini_moat, nemelex_altar_shiori,
          jmf_multi_god_temple2
D:11:     layout_basic, kennysheep_generic_room_13
D:12:     layout_cave_pods, erik_orc_2, serial_shops, shop, shop,
          kennysheep_treasure_room, uniq_nergalle, uniq_josephine
D:13:     layout_gridville, david_vaults_3
D:14:     layout_long_grid, minmay_tree_intersection,
          nicolae_trove_entry_crystal, serial_shops, nicolae_shop_hallway_plus,
          serial_rivers, chequers_serial_rivers_large_b,
          chequers_serial_rivers_large_a, chequers_serial_rivers_small_b,
          chequers_serial_rivers_small_a, chequers_serial_rivers_micro_b,
          grunt_dithmenos_smoke_and_mirrors
D:15:     hangedman_depths_entry_civil_slaughter, layout_basic,
          hellmonk_ghost_happy_afterlife, hangedman_cracks_in_the_wall

Skill      XL: |  1  2  3  4  5  6  7  8  9 |
---------------+----------------------------+-----
Dodging        | 2 3 |  3.7
Spellcasting   | 1 2 3 4 |  4.8
Armour         | 1 2 3 |  3.1
Fighting       | 4 5 |  5.8
Stealth        | 7 |  7.7
Earth Magic    | 2 3 |  3.0
Ranged Weapons | 2 |  2.5
Conjurations   | 2 |  2.2
Poison Magic   | 2 |  2.2
Air Magic      | 1 |  1.2
Maces & Flails | |  2.4

Action                   |  1- 3 |  4- 6 |  7- 9 || total
-------------------------+-------+-------+-------++-------
Melee: Mace              |    15 |       |       ||    15
       Falchion          |    58 |     9 |    90 ||   157
       Hand axe          |       |    62 |    46 ||   108
       Punch             |       |     2 |     3 ||     5
 Fire: Sling             |       |    31 |   116 ||   147
 Cast: Mephitic Cloud    |       |       |     1 ||     1
       Poisonous Vapours |       |       |     1 ||     1
 Abil: Dig               |     1 |       |     2 ||     3
       Shaft Self        |       |     1 |     7 ||     8
  Use: Scroll            |       |       |     9 ||     9
 Stab: Sleeping          |     8 |     1 |     2 ||    11
Armor: Leather armour    |    17 |       |    30 ||    47
       Ring mail         |     2 |    29 |    19 ||    50
Dodge: Dodged            |    42 |    57 |   136 ||   235

Table legend: (Time is in decaauts)
 A = Elapsed time spent in this place.
 B = Non-inter-level travel time spent in this place.
 C = Inter-level travel time spent in this place.
 D = Time resting spent in this place.
 E = Time spent auto-exploring this place.
 F = Levels seen in this place.
 G = Mean time per level.
                   A        B        C        D        E       F      G
               +--------+--------+--------+--------+--------+-----+--------+
         Total |   8259 |   7844 |    415 |   2338 |   3369 |  14 |  589.9 |
       Dungeon |   8259 |   7844 |    415 |   2338 |   3369 |  14 |  589.9 |
               +--------+--------+--------+--------+--------+-----+--------+

Top non-repeatable levels by time:
     D:4: 1580 daAuts
     D:5: 1505 daAuts
     D:3: 1202 daAuts
     D:6: 862 daAuts
     D:1: 828 daAuts
     D:2: 770 daAuts
    D:13: 444 daAuts
    D:10: 293 daAuts
    D:12: 187 daAuts
    D:11: 158 daAuts
     D:9: 157 daAuts
    D:14: 125 daAuts
    D:15: 76 daAuts
     D:7: 66 daAuts
